 Dungeon Crawl Stone Soup version 0.14.0-15-g6b16f67 (webtiles) character file.

96 Kejsarherre the Ruinous (level 3, -2/19 HPs)
             Began as a Tengu Wizard on Apr 18, 2014.
             Slain by an adder (3 damage)
             ... on Level 2 of the Dungeon.
             The game lasted 00:02:15 (1318 turns).

Kejsarherre the Ruinous (Tengu Wizard)              Turns: 1318, Time: 00:02:17

HP  -2/19        AC  2     Str  7      XL: 3   Next: 50%
MP   5/8         EV 12     Int 19      God:
Gold 56          SH  0     Dex 12      Spells:  2 memorised,  5 levels left

rFire  . . .     SeeInvis .     (no weapon)
rCold  . . .     Clarity  .     a - +0 robe
rNeg   . . .     Conserve .     (no shield)
rPois  .         rCorr    .     b - +0 hat
rElec  .         rRot     .     (no cloak)
SustAb . .       Spirit   .     (no gloves)
rMut   .         Warding  .     (boots unavailable)
Saprov . . .     Stasis   .     (no amulet)
MR     .....                    (no ring)
                                (no ring)

@: lethally poisoned, not resistant to hostile enchantments, fairly stealthy
A: beak, talons 3
a: no special abilities


You were on level 2 of the Dungeon.
You were not hungry.

You visited 1 branch of the dungeon, and saw 2 of its levels.

You collected 56 gold pieces.

Inventory:

Armour
 a - a +0 robe (worn)
 b - a +0 hat (worn)
Comestibles
 d - a bread ration
Scrolls
 e - a scroll of immolation {unknown}
 g - 2 scrolls of random uselessness {unknown}
 h - a scroll of identify {unknown}
 i - 2 scrolls of teleportation {unknown}
 j - a scroll of remove curse {unknown}
Potions
 f - a potion of heal wounds {unknown}
 k - a potion of restore abilities {unknown}
Books
 c - a book of Minor Magic

   Spells                             Type                      Level
   *Magic Dart                        Conjuration                  1
   *Blink                             Translocation                2
   Call Imp                           Summoning                    2
   Repel Missiles                     Charms/Air                   2
   Slow                               Hexes                        2
   Conjure Flame                      Conjuration/Fire             3
   Mephitic Cloud                     Conjuration/Poison/Air       3


   Skills:
 - Level 2.1 Dodging
 - Level 2.0 Stealth
 - Level 3.0 Spellcasting
 + Level 4.4 Conjurations
   Level 1.2 Summonings
 - Level 0.7 Translocations


You had 5 spell levels left.
You knew the following spells:

 Your Spells              Type           Power        Failure   Level  Hunger
a - Magic Dart            Conj           ###.         2%          1    None
b - Blink                 Tloc           N/A          21%         2    ##.....


Dungeon Overview and Level Annotations

Branches:
Dungeon (2/15)

Altars:


Innate Abilities, Weirdness & Mutations

You have a beak for a mouth.
You have claws for feet.


Message History

Unknown command.
Casting: Magic Dart
Confirm with . or Enter, or press ? or * to list all spells.
Aiming: Magic Dart
Press: ? - help, Shift-Dir - straight line, f/p - adder
Aim: an adder (heavily wounded)
The magic dart hits the adder.
The adder is severely wounded.
Casting: Magic Dart
Confirm with . or Enter, or press ? or * to list all spells.
Aiming: Magic Dart
Press: ? - help, Shift-Dir - straight line, f/p - adder
Aim: an adder (heavily wounded)
The magic dart hits the adder.
The adder is almost dead.
The adder bites you.
* * * LOW HITPOINT WARNING * * *
You are lethally poisoned!
The adder poisons you! The adder bites you.
You die...

####.# #.# .............#
..##.# #.# #######.###.#
#.##.# #.# . #...(.. #.##.#
#.##)# #####.#
#.##.######.##.###########.#
#<......)..).........).....#
#.##.##%#......>..>..#####.#
#.##.#.###S##...###.## #.#
#.##..## ##@#.#.....# #.#
#.##.#.###.##...##..######.#
#..............###^..<......
#..#....#.####.......<.....#
#..####...# ######.#####..#
#..#####.## #.# #....
#.....)...#########.# #.^.#
#..#####............# #...#
#...# ##.#####.....####...#


You could see an adder.

Vanquished Creatures
  An adder (D:2)
  A giant mite (D:1)
  A ball python (D:1)
  2 bats (D:1)
  3 hobgoblins
  3 kobolds
  A quokka (D:2)
  A giant cockroach (D:2)
  3 giant newts (D:1)
  3 goblins
  6 rats
25 creatures vanquished.

Notes
Turn   | Place    | Note
--------------------------------------------------------------
     0 | D:1      | Kejsarherre, the Tengu Wizard, began the quest for the Orb.
     0 | D:1      | Reached XP level 1. HP: 10/10 MP: 4/4
   371 | D:1      | Reached XP level 2. HP: 10/15 MP: 7/7
   822 | D:2      | Reached XP level 3. HP: 16/19 MP: 2/8
  1103 | D:2      | Reached skill level 4 in Conjurations
  1108 | D:2      | Learned a level 2 spell: Blink
  1318 | D:2      | Slain by an adder

Action                   || total
-------------------------++-------
Melee: Unarmed           ||    76
 Cast: Magic Dart        ||    30
 Stab: Sleeping          ||     2
